AoeStats
← w2k8m1w2762

Baltic

510378442Analyzed
4v4 RM · 2d ago on Sep 30, 2026· 38m 37s· 8 players
Game mode
Random Map
Map size
Large (8 player)
Population
200
Speed
Normal
Resources
Standard
Victory
Conquest
Starting age
Dark Age
Ending age
Imperial Age
RankedLock teamsTeams togetherTeam positionsShared explorationLock speedFull tech treeHidden civsTurbo modeCheats
Victory
Defeat
🇫🇷 Italians · France
1207
+16
🇫🇷 Spanish · France
1198
+16
🇹🇷 Inca · Türkiye
1193
+17
🇮🇹 Wu · Italy
1190
+17
🇸🇪 Japanese · Sweden
1231
-17
🇩🇪 Italians · Germany
1219
-17
🇨🇱 Byzantines · Chile
1214
-17
🇨🇳 Turks · China
1164
-15
Guilty
11:40 Feudal Age
12:30 Double-Bit Axe
16:37 Castle Age
15:20 Horse Collar
15:24 Fishing Lines
19:21 Bow Saw
24:21 Wheelbarrow
25:05 Heavy Plow
25:17 Stone Mining
26:49 Stone Shaft Mining
26:18 Gold Mining
26:35 Town Watch
27:06 Hand Cart
30:17 Imperial Age
28:37 Ballistics
28:20 Padded Archer Armor
28:11 Fletching
28:20 Loom
28:22 Town Watch
28:55 Masonry
29:32 Town Patrol
29:52 Leather Archer Armor
29:32 Bodkin Arrow
30:53 Scale Barding Armor
30:59 Forging
31:17 Bracer
31:18 Scale Mail Armor
31:51 Ring Archer Armor
30:59 Elite Conquistador
32:12 Conscription
33:05 Two-Man Saw
33:10 Chain Barding Armor
33:26 Iron Casting
33:01 Husbandry
33:17 Bloodlines
32:47 Cavalier
34:50 Chemistry
35:08 Architecture
34:49 Paladin
38:47 Plate Barding Armor
39:13 Blast Furnace
math-hbcn
8:40 Loom
10:30 Feudal Age
11:29 Double-Bit Axe
13:07 Fletching
16:20 Wheelbarrow
20:56 Castle Age
19:27 Gold Mining
21:56 Medium Warships
21:49 Bodkin Arrow
22:21 Fishing Lines
23:27 Ballistics
23:55 Bow Saw
25:36 Gillnets
25:51 Horse Collar
26:04 Stone Mining
27:52 Stone Shaft Mining
30:24 Hand Cart
32:49 Imperial Age
31:35 Padded Archer Armor
33:29 Leather Archer Armor
34:36 Chemistry
33:38 Bracer
35:47 Ring Archer Armor
36:58 Two-Man Saw
36:52 Hand Cart
36:51 Masonry
36:22 Treadmill Crane
36:28 Crossbowman
NOxArbor
10:10 Feudal Age
8:26 Loom
11:42 Wheelbarrow
11:10 Arson
10:47 Champi Runner
13:13 Double-Bit Axe
14:41 Horse Collar
23:50 Castle Age
22:20 Gold Mining
23:33 Scale Mail Armor
23:44 Forging
26:45 Chain Mail Armor
27:06 Iron Casting
26:54 Squires
26:17 Champi Warrior
28:04 Hand Cart
30:39 Bow Saw
31:34 Heavy Plow
35:50 Imperial Age
36:45 Gold Shaft Mining
36:07 Elite Champi Warrior
37:50 Blast Furnace
37:20 Plate Mail Armor
LolloLove91
7:18 Loom
10:56 Feudal Age
13:41 Double-Bit Axe
14:45 Fletching
19:44 Castle Age
17:48 Gold Mining
17:42 Horse Collar
20:41 Medium Warships
22:31 Wheelbarrow
31:56 Imperial Age
29:46 Bodkin Arrow
32:42 Ballistics
35:04 Bracer
35:36 Padded Archer Armor
36:44 Chemistry
36:41 Leather Archer Armor
The Outpost Man
3:57 Loom
12:26 Feudal Age
13:45 Double-Bit Axe
13:43 Horse Collar
14:26 Fishing Lines
14:47 Gold Mining
17:36 Castle Age
18:07 Fletching
18:31 Medium Warships
19:36 Gillnets
20:39 Wheelbarrow
20:23 Bow Saw
23:03 Clinker Construction
23:15 Ballistics
SchlosserJoe
3:43 Loom
10:56 Feudal Age
15:36 Castle Age
13:45 Double-Bit Axe
13:52 Horse Collar
18:22 Fletching
26:23 Bow Saw
26:05 Gold Mining
26:19 Heavy Plow
29:59 Imperial Age
27:46 Bodkin Arrow
28:13 Squires
28:17 Padded Archer Armor
28:29 Crossbowman
29:30 Leather Archer Armor
31:42 Bracer
33:44 Ring Archer Armor
33:12 Arbalester
34:00 Thumb Ring
34:40 Ballistics
35:22 Chemistry
34:32 Town Watch
Titan
8:47 Loom
10:48 Feudal Age
11:42 Double-Bit Axe
15:40 Horse Collar
16:42 Fletching
23:53 Castle Age
24:03 Scale Mail Armor
24:50 Forging
w2k8m1w2762
0:58 Loom
12:21 Feudal Age
20:45 Double-Bit Axe
Connection lost

Rejoining the realm…

Still unreachable

The connection could not be restored.

Session expired

The server has moved on; the page needs a fresh start.